 Dungeon Crawl Stone Soup version 0.29.0-11-gd7f09526c8 (webtiles) character file.

Game seed: 762345190564561867

673 Zeldest the Shield-Bearer (level 7, -8/56 HPs)
             Began as a Formicid Fighter on Sept 4, 2022.
             Was an Initiate of Okawaru.
             Mangled by Menkaure (19 damage)
             ... on level 5 of the Dungeon.
             The game lasted 00:04:29 (5170 turns).

Zeldest the Shield-Bearer (Formicid Fighter)        Turns: 5170, Time: 00:04:30

Health: -8/56      AC:  9    Str: 22    XL:     7   Next: 90%
Magic:  16/16      EV:  7    Int:  8    God:    Okawaru [......]
Gold:   233        SH:  5    Dex: 13    Spells: 6/6 levels left

rFire   . . .      SeeInvis +   a - +0 war axe
rCold   . . .      Faith    +   c - +0 buckler
rNeg    . . .      Spirit   .   x - +0 chain mail
rPois   .          Reflect  .   (helmet unavailable)
rElec   .          Harm     .   (no cloak)
rCorr   .          Rampage  .   (no gloves)
Will    .....                   (no boots)
Stlth   ..........              m - amulet of faith
HPRegen 0.18/turn               v - ring of magical power
MPRegen 0.15/turn               (no ring)

@: no status effects
A: permanent stasis, dig shafts and tunnels, antennae 3, four strong arms
a: Dig, Shaft Self, Renounce Religion


You were on level 5 of the Dungeon.
You worshipped Okawaru.
Okawaru was noncommittal.
You visited 1 branch of the dungeon, and saw 5 of its levels.
You also visited: Sewer.

You collected 233 gold pieces.

Inventory:

Hand Weapons
 a - a +0 war axe (weapon)
Missiles
 y - 4 curare-tipped darts
Armour
 b - a +0 scale mail
 c - a +0 buckler (worn)
 x - a +0 chain mail (worn)
Jewellery
 m - an amulet of faith (around neck)
 v - a ring of magical power (left hand)
Wands
 q - a wand of roots (17)
 t - a wand of polymorph (6)
Scrolls
 d - 2 scrolls of magic mapping {unknown}
 g - 2 scrolls of vulnerability {unknown}
 h - 4 scrolls of butterflies {unknown}
 i - 2 scrolls of blinking {unknown}
 j - a scroll of teleportation {unknown}
 o - 3 scrolls of identify {unknown}
 p - a scroll of fear {unknown}
 s - a scroll of enchant armour {unknown}
 u - 2 scrolls of torment {unknown}
 w - 2 scrolls of brand weapon {unknown}
Potions
 e - 3 potions of magic
 f - a potion of resistance
 k - a potion of lignification {unknown}
 l - 2 potions of brilliance {unknown}
 n - 2 potions of flight {unknown}
 r - 2 potions of mutation {unknown}


   Skills:
 + Level 5.1 Fighting
 * Level 5.4 Axes
 + Level 5.0 Armour
 - Level 6.1 Shields
 + Level 0.2 Invocations


You had 6 spell levels left.
You didn't know any spells.
Your spell library contained the following spells:

 Spells                   Type           Power      Damage    Failure   Level
 Foxfire                  Conj/Fire      0%         2x1d4     99%         1
 Ensorcelled Hibernation  Hex/Ice        0%         N/A       99%         2
 Passwall                 Tmut/Erth      0%         N/A       99%         2
 Conjure Flame            Conj/Fire      0%         6-21      100%        3
 Gell's Gravitas          Tloc           0%         N/A       100%        3
 Inner Flame              Hex/Fire       0%         N/A       100%        3
 Lesser Beckoning         Tloc           0%         N/A       100%        3
 Teleport Other           Tloc           0%         N/A       100%        3
 Flame Wave               Conj/Fire      0%         2d4       100%        4
 Swiftness                Air            Unusable   N/A       N/A         3

Dungeon Overview and Level Annotations

Branches:
Dungeon (5/15)              Sewer (visited)
 Temple: D:4-7

Altars:
Nemelex Xobeh
Okawaru
Sif Muna
Vehumet

Annotations:
D:2 1 runed translucent door, Crazy Yiuf
D:5 Menkaure


Innate Abilities, Weirdness & Mutations

You cannot be hasted, slowed, berserked, paralysed or teleported.
You can dig through walls and to a lower floor.
You have a pair of large antennae on your head. (SInv)
Your four strong arms can wield two-handed weapons with a shield.


Message History

You hit the iguana.
The iguana is moderately wounded.
The iguana bites you but does no damage.
You hit the iguana but do no damage.
The iguana is lightly wounded.
The iguana barely misses you.
The iguana bites you but does no damage.
You slash the iguana!
The iguana is severely wounded.
The iguana bites you!
You are too injured to fight recklessly!
You are too injured to fight recklessly!
You are too injured to fight recklessly!
You are too injured to fight recklessly!
You closely miss the iguana.
The iguana is severely wounded.
The iguana bites you!
You slash the iguana!
You kill the iguana!
Okawaru accepts your kill.
You start resting.
There is a stone staircase leading down, spattered with blood here.
You start resting.
HP restored.
You climb downwards.
Level annotation: Menkaure
There is a stone staircase leading up, spattered with blood here.
Menkaure casts a spell.
Menkaure seems to speed up.
You slash Menkaure!
Menkaure is heavily damaged.
Menkaure hits you! Menkaure hits you!!
You hit Menkaure.
Menkaure is heavily damaged.
Menkaure hits you!
* * * LOW HITPOINT WARNING * * *
You hit Menkaure but do no damage.
Menkaure is heavily damaged.
Menkaure hits you!!
You die...

..............#
..............####
.<................
..............####
..............#
..............#
.............########
#.....#.....#..<....#
####...####.....@...#
###.. ###....M..#
#### # #...[...# ...#
# #.......# ...##.#
#.......##......#
#.................
...#####........#...
####.....##.##......
######......###


You could see Menkaure (fast).

Vanquished Creatures
  An ice beast (D:4)
  2 bullfrogs (Sewer)
  3 orc priests
  Jessica (D:2)
  Natasha (thrice) (D:3)
  An iguana (D:4)
  9 adders
  3 river rats (Sewer)
  An ufetubus (D:4)
  A worm (D:2)
  2 dart slugs (D:4)
  12 orcs
  18 ball pythons
  5 bats
  6 endoplasms
  7 giant cockroaches
  5 goblins
  3 hobgoblins (D:3)
  4 jackals (D:2)
  7 kobolds
  3 quokkas (D:4)
  6 frilled lizards
  32 rats
135 creatures vanquished.

Notes
Turn   | Place    | Note
-------+----------+-------------------------------------------
     0 | D:1      | Zeldest the Formicid Fighter began the quest for the Orb.
     0 | D:1      | Reached XP level 1. HP: 18/18 MP: 1/1
   189 | D:1      | Reached XP level 2. HP: 24/24 MP: 2/2
   351 | D:1      | Noticed an eye of devastation
   360 | D:1      | Found a faded altar of an unknown god.
   366 | D:1      | Noticed a shining eye
   366 | D:1      | Noticed an eye of devastation
   366 | D:1      | Noticed a great orb of eyes
   898 | D:2      | Reached XP level 3. HP: 29/29 MP: 3/3
   978 | D:2      | You fall into a shaft and drop 2 floors!
  1022 | D:4      | Found a glowing drain.
  1037 | Sewer    | Entered a sewer
  1134 | Sewer    | Reached XP level 4. HP: 33/37 MP: 4/4
  1363 | Sewer    | Reached XP level 5. HP: 19/42 MP: 5/5
  1719 | Sewer    | Noticed a bullfrog
  1721 | Sewer    | Noticed a bullfrog
  1729 | Sewer    | Killed a bullfrog
  1729 | Sewer    | Killed a bullfrog
  1730 | Sewer    | Reached skill level 5 in Shields
  1730 | Sewer    | Reached XP level 6. HP: 17/49 MP: 6/6
  1934 | D:4      | Found an iron altar of Okawaru.
  2253 | D:3      | Found a shimmering blue altar of Sif Muna.
  2260 | D:3      | Found a radiant altar of Vehumet.
  2525 | D:3      | Reached XP level 7. HP: 55/55 MP: 7/7
  2533 | D:3      | Noticed Natasha
  2538 | D:3      | Killed Natasha
  2559 | D:3      | Noticed Natasha
  2566 | D:3      | Killed Natasha
  2736 | D:3      | Found a sparkling altar of Nemelex Xobeh.
  2949 | D:3      | Identified the +9 trident of Discretion {vorpal, rPois
                  | Str-5 Dex+8}
  3150 | D:3      | Noticed Natasha
  3158 | D:3      | Killed Natasha
  3503 | D:2      | Noticed Jessica
  3508 | D:2      | Killed Jessica
  3509 | D:2      | Reached skill level 5 in Axes
  3667 | D:2      | Found a runed translucent door.
  3668 | D:2      | Noticed Crazy Yiuf
  4416 | D:4      | Reached skill level 6 in Shields
  4713 | D:5      | Entered Level 5 of the Dungeon
  4744 | D:5      | Noticed Menkaure
  4765 | D:4      | Reached skill level 5 in Fighting
  4765 | D:4      | Reached skill level 5 in Armour
  5000 | D:4      | Became a worshipper of Warmaster Okawaru
  5170 | D:5      | Mangled by Menkaure

Illustrated notes

Levels and vault maps discovered:
D:1:      lightli_arrival_windingriver, layout_loops_ring,
          hellmonk_ecumenical_altar_watching_god
D:2:      layout_basic, minmay_misc_feat_x, uniq_jessica,
          uniq_crazy_yiuf_cottage
D:3:      layout_basic, nemelex_diamond_rough_becter,
          amethyst_overflow_temple_binary, st_stairs_3, uniq_natasha
D:4:      layout_rooms, nicolae_overflow_hidden_temple, serial_curves,
          eino_curves_03, eino_curves_03, portal_sewer_entry_f
D:5:      layout_rooms, bloody_makhleb, serial_rivers,
          chequers_serial_rivers_micro_a, chequers_serial_rivers_micro_a,
          chequers_serial_rivers_micro_e, chequers_serial_rivers_large_b,
          chequers_serial_rivers_room_b, chequers_serial_rivers_small_3,
          serial_bayou_pond_b, uniq_ijyb, uniq_menkaure

Skill      XL: |  1  2  3  4  5  6  7 |
---------------+----------------------+-----
Axes           | 3 4 5 |  5.4
Fighting       | 4 5 |  5.1
Armour         | 4 5 |  5.0
Shields        | 5 6 |  6.1
Invocations    | |  0.2

Action                   |  1- 3 |  4- 6 |  7- 9 || total
-------------------------+-------+-------+-------++-------
Melee: War axe           |    78 |   129 |   120 ||   327
       Unarmed           |       |       |     4 ||     4
  Use: Potion            |       |     3 |     3 ||     6
Armor: Scale mail        |    40 |    76 |    17 ||   133
       Chain mail        |       |       |    53 ||    53
       Skin              |       |       |     1 ||     1
Dodge: Dodged            |    50 |    70 |    49 ||   169
Block: Buckler           |    20 |    38 |    45 ||   103
